 Dungeon Crawl Stone Soup version 0.30-a0-948-g4fa250aae5 (webtiles) character file.

Game seed: 4580736778181620458

126 DeathPants the Gusty (level 5, -1/26 HPs)
             Began as a Vine Stalker Wanderer on Mar 26, 2023.
             Slain by Duvessa
             ... wielding a +0 rapier
              (3 damage)
             ... on level 4 of the Dungeon.
             The game lasted 00:11:05 (3057 turns).

DeathPants the Gusty (Vine Stalker Wanderer)        Turns: 3057, Time: 00:11:05

Health: -1/26      AC:  8    Str: 14    XL:     5   Next: 9%
Magic:  0/9        EV: 11    Int: 15    God:
Gold:   142        SH:  0    Dex: 13    Spells: 4/8 levels left

rFire   . . .      SeeInvis .    c - +0 dagger
rCold   . . .      Faith    .    (no shield)
rNeg    . . .      Spirit   +    h - +0 leather armour
rPois   .          Reflect  .    (no helmet)
rElec   .          Rampage  .    (no cloak)
rCorr   .                        l - +0 pair of gloves
Will    .....                    (no boots)
Stlth   +                        r - amulet of regeneration
HPRegen 1.84/turn                k - +4 ring of protection
MPRegen 0.11/turn                (no ring)

@: no status effects
A: fangs 2, regeneration 1, magic shield, antimagic bite, no potion heal 2
a: no special abilities


You were on level 4 of the Dungeon.
You visited 1 branch of the dungeon, and saw 5 of its levels.

You collected 142 gold pieces.

Inventory:

Hand Weapons
 c - a +0 dagger (weapon)
Missiles
 b - 17 poisoned darts (quivered)
 w - 2 javelins
Armour
 e - a +0 robe
 h - a +0 leather armour (worn)
 l - a +0 pair of gloves (worn)
Jewellery
 k - a +4 ring of protection (left hand)
 r - an amulet of regeneration (around neck)
 v - a ring of ice
Wands
 n - a wand of iceblast (11)
Scrolls
 g - a scroll of summoning {unknown}
 i - 2 scrolls of magic mapping
 j - a scroll of fog {unknown}
 o - a scroll of amnesia {unknown}
 t - a scroll of brand weapon {unknown}
 u - a scroll of enchant weapon {unknown}
Potions
 a - a potion of lignification {unknown}
 f - 3 potions of attraction
 m - 4 potions of mutation
 p - a potion of magic {unknown}
 q - a potion of curing {unknown}
 s - 3 potions of resistance


   Skills:
 + Level 1.9 Fighting
 - Level 1.0 Polearms
 - Level 2.6 Throwing
 - Level 1.0 Armour
 + Level 1.6 Dodging
 + Level 2.4 Spellcasting
 + Level 4.6 Air Magic


You had 4 spell levels left.
You knew the following spells:

 Your Spells              Type           Power      Damage    Failure   Level
a - Shock                 Conj/Air       32%        1d5       11%         1
b - Swiftness             Air            15%        N/A       12%         3

Your spell library contained the following spells:

 Spells                   Type           Power      Damage    Failure   Level
 Kiss of Death            Conj/Necr      4%         2d5       26%         1
 Mephitic Cloud           Conj/Pois/Air  6%         N/A       38%         3
 Confusing Touch          Hex            1%         N/A       61%         3
 Dispel Undead            Necr           1%         3d6       95%         4


Dungeon Overview and Level Annotations

Branches:
Dungeon (5/15)
 Temple: D:4-7

Altars:
Ashenzari
Qazlal
Sif Muna

Annotations:
D:4 Dowan, Duvessa, Grinder


Innate Abilities, Weirdness & Mutations

You have extremely sharp teeth.
Your natural rate of healing is unusually fast.
When hurt, damage is shared between your health and your magic reserves.
Your bite disrupts and absorbs the magic of your enemies.
Potions cannot restore your health.


Message History

Duvessa says, "My weaknesses are his strengths!"
Duvessa barely misses you. The orc barely misses you.
You hear some strange, mumbled words.
Something tries to affect you, but you resist.
The orc hits you with a +0 flail. Duvessa hits you but does no damage.
You hit Duvessa but do no damage. You bite Duvessa, but do no damage.
Duvessa is severely wounded.
The orc closely misses you.
The orc wizard gestures wildly while chanting.
The orc wizard flickers and vanishes!
You hear some strange, mumbled words.
Something tries to affect you, but you resist.
The orc barely misses you. Duvessa hits you with a +0 rapier.
You hit Duvessa but do no damage. You bite Duvessa, but do no damage.
Duvessa is severely wounded.
Duvessa hits you with a +0 rapier. Dowan hits you but does no damage.
The orc closely misses you. Something hits you but does no damage.
Duvessa hits you with a +0 rapier.
You hit Duvessa but do no damage. Your bite misses Duvessa.
Duvessa is severely wounded.
Dowan closely misses you. The orc barely misses you.
Something hits you but does no damage.
Duvessa says, "My weaknesses are his strengths!"
Duvessa hits you with a +0 rapier.
You hit Duvessa but do no damage. You bite Duvessa, but do no damage.
Duvessa is severely wounded.
Duvessa closely misses you. Dowan barely misses you.
The orc hits you with a +0 morningstar.
* * * LOW HITPOINT WARNING * * *
Something hits you but does no damage. Duvessa hits you with a +0 rapier.
* * * LOW HITPOINT WARNING * * *
You hit Duvessa. Your bite misses Duvessa.
Duvessa is severely wounded.
Dowan hits you but does no damage. The orc closely misses you.
Something hits you.
* * * LOW HITPOINT WARNING * * *
Something hits you.
* * * LOW HITPOINT WARNING * * *
Duvessa hits you with a +0 rapier.
You die...

**,,,,,*,,,,,,,*,.,###.###...#
*,,,,.(...!....##..#...o.#.e##
*,,,,............#...,,#......
*,,,,...........##...,,#..####
*,,.,,................,#..## *
**##.**#...............#S..#**
#...*#.....o..#..#....<.##,,
*#..##....o.$.......?..##,,,
##...#.....@oS....##...#,,,,
*###...#......ee.....##!..#,⌠,_
*...............$r..#.....#,,,,
*.........................#*,,,
*#.........................**,,
*.....#<...######.........,***
*#...*##.#..###*,..##,........
##.** #<......**,#.,,,.......
*,,,###......###,,.,###......


You could see Duvessa (fast), Dowan, an adder, 3 orcs and a quokka.

Vanquished Creatures
  2 adders
  3 gnolls (D:3)
  A worm (D:2)
  A dart slug (D:2)
  9 endoplasms
  2 giant cockroaches (D:3)
  11 goblins
  5 hobgoblins
  4 jackals
  3 quokkas
  6 ball pythons
  6 bats
  4 frilled lizards (D:1)
  8 kobolds
  7 rats
72 creatures vanquished.

Notes
Turn   | Place    | Note
-------+----------+-------------------------------------------
     0 | D:1      | DeathPants the Vine Stalker Wanderer began the quest for
                  | the Orb.
     0 | D:1      | DeathPants set off with the following items: a +0 spear, 15
                  | poisoned darts, a +0 dagger, a scroll of teleportation, a
                  | +0 robe; and the following spell memorised: Shock; and the
                  | following spells available to memorise: Swiftness, Mephitic
                  | Cloud.
     0 | D:1      | Reached XP level 1. HP: 9/9 MP: 3/3
   236 | D:1      | Reached XP level 2. HP: 8/14 MP: 0/4
   520 | D:1      | Found a faded altar of an unknown god.
   640 | D:1      | Reached skill level 1 in Fighting
   640 | D:1      | Reached XP level 3. HP: 18/18 MP: 6/6
  1042 | D:2      | Reached skill level 1 in Dodging
  1099 | D:2      | Learned a level 3 spell: Swiftness
  1807 | D:2      | Gained mutation: Your natural rate of healing is unusually
                  | fast. [Vine Stalker growth]
  1807 | D:2      | Reached XP level 4. HP: 21/22 MP: 8/8
  2749 | D:3      | Found a shimmering blue altar of Sif Muna.
  2749 | D:3      | Found a stormy altar of Qazlal.
  2801 | D:4      | Found a broken altar of Ashenzari.
  2829 | D:4      | Reached XP level 5. HP: 26/26 MP: 9/9
  2863 | D:5      | Entered Level 5 of the Dungeon
  2956 | D:4      | Noticed Grinder
  2964 | D:4      | Paralysed by Grinder for 4 turns
  2966 | D:4      | Noticed Duvessa
  2966 | D:4      | Noticed Dowan
  3057 | D:4      | Slain by Duvessa

Illustrated notes

Levels and vault maps discovered:
D:1:      zaba_arrival_water, layout_loops_ring,
          hellmonk_ecumenical_altar_zigzags, minmay_small_reverse_x
D:2:      layout_basic, kennysheep_potato
D:3:      layout_basic, amethyst_overflow_temple_binary, serial_bayou_lake_a
D:4:      layout_cave_pools, grunt_temple_overflow_opulence,
          mainiacjoe_overflow_catwalk, uniq_grinder, uniq_duvessa
D:5:      layout_basic, mainiacjoe_overflow_chevrons

Skill      XL: |  1  2  3 |
---------------+----------+-----
Fighting       | 1 |  1.9
Dodging        | 1 |  1.6
Spellcasting   | 2 |  2.4
Polearms       | |  1.0
Throwing       | |  2.6
Armour         | |  1.0
Air Magic      | |  4.6

Action                     |  1- 3 |  4- 6 || total
---------------------------+-------+-------++-------
  Melee: Spear             |    81 |       ||    81
         Bite              |    39 |    26 ||    65
         Dagger            |   120 |    83 ||   203
         Punch             |       |     1 ||     1
  Throw: Dart              |     1 |    14 ||    15
   Cast: Shock             |     1 |     3 ||     4
         Swiftness         |       |     1 ||     1
  Evoke: Wand              |       |     3 ||     3
    Use: Scroll            |       |     6 ||     6
   Stab: Sleeping          |     1 |     1 ||     2
 Armour: Robe              |    89 |    16 ||   105
         Leather armour    |       |    28 ||    28
  Dodge: Dodged            |   100 |    56 ||   156

Table legend: (Time is in decaauts)
 A = Elapsed time spent in this place.
 B = Non-inter-level travel time spent in this place.
 C = Inter-level travel time spent in this place.
 D = Time resting spent in this place.
 E = Time spent auto-exploring this place.
 F = Levels seen in this place.
 G = Mean time per level.
                   A        B        C        D        E       F      G
               +--------+--------+--------+--------+--------+-----+--------+
         Total |   3092 |   3003 |     89 |      4 |   2024 |   5 |  618.4 |
       Dungeon |   3092 |   3003 |     89 |      4 |   2024 |   5 |  618.4 |
               +--------+--------+--------+--------+--------+-----+--------+

Top non-repeatable levels by time:
     D:2: 1067 daAuts
     D:1: 1042 daAuts
     D:3: 752 daAuts
     D:4: 190 daAuts
     D:5: 40 daAuts
